AoeStats
← Goose

Black Forest

506156065Analyzed
4v4 RM · 21d ago on Sep 12, 2026· 46m 59s· 8 players
Game mode
Random Map
Map size
Large (8 player)
Population
200
Speed
Normal
Resources
Standard
Victory
Conquest
Starting age
Dark Age
Ending age
Imperial Age
RankedLock teamsTeams togetherTeam positionsShared explorationLock speedFull tech treeHidden civsTurbo modeCheats
Victory
Defeat
1047
+15
🇹🇷 Romans · Türkiye
1044
+15
🇧🇷 Bengalis · Brazil
1026
+16
🇷🇺 Lithuanians · Russia
1012
+16
🇵🇪 Turks · Peru
1046
-18
🇨🇳 Bohemians · China
1016
-15
🇨🇳 Britons · China
1014
-15
🇭🇰 Persians · Hong Kong SAR China
992
-14
cmvaroda
2:18 Loom
11:44 Feudal Age
18:33 Castle Age
19:23 Double-Bit Axe
29:43 Imperial Age
27:55 Man-at-Arms
28:21 Gambesons
28:39 Squires
30:45 Bow Saw
31:10 Husbandry
31:21 Bloodlines
31:49 Scale Barding Armor
31:55 Forging
31:57 Elite Battle Elephant
37:39 Paiks
40:22 Wheelbarrow
40:55 Two-Man Saw
39:20 Light Cavalry
40:32 Chain Barding Armor
40:47 Iron Casting
44:29 Hand Cart
44:00 Town Watch
44:45 Mahayana
Cezalandırıcı
0:29 Loom
11:30 Feudal Age
13:03 Double-Bit Axe
16:38 Horse Collar
20:03 Castle Age
19:53 Fletching
20:04 Padded Archer Armor
20:02 Stone Mining
21:22 Bow Saw
22:17 Elite Skirmisher
30:10 Imperial Age
27:57 Fishing Lines
28:16 Gold Mining
29:13 Wheelbarrow
29:08 Heavy Plow
29:47 Gold Shaft Mining
29:28 Bodkin Arrow
29:50 Leather Archer Armor
30:31 Hand Cart
32:08 Ring Archer Armor
32:41 Chemistry
33:12 Crop Rotation
33:25 Conscription
35:33 Ballistics
35:47 Scale Mail Armor
35:58 Forging
37:58 Masonry
38:00 Fortified Wall
38:01 Masonry
37:47 Murder Holes
38:09 Chain Mail Armor
38:30 Iron Casting
37:58 Squires
39:20 Comitatenses
38:49 Town Watch
41:06 Blast Furnace
40:12 Scale Barding Armor
41:09 Architecture
40:46 Siege Engineers
41:18 Town Patrol
41:39 Caravan
43:34 Chain Barding Armor
42:39 Elite Centurion
44:14 Bloodlines
44:05 Husbandry
43:37 Man-at-Arms
45:15 Plate Barding Armor
45:22 Long Swordsman
46:01 Legionary
Goose
10:10 Feudal Age
12:17 Double-Bit Axe
14:58 Castle Age
22:58 Horse Collar
23:55 Wheelbarrow
28:23 Imperial Age
27:32 Bloodlines
27:23 Husbandry
29:03 Cavalier
32:06 Chemistry
31:58 Forging
31:53 Scale Barding Armor
33:57 Conscription
33:41 Tower Shields
35:27 Caravan
37:16 Chain Barding Armor
37:32 Iron Casting
36:57 Paladin
38:59 Hand Cart
38:29 Town Watch
39:23 Plate Barding Armor
39:14 Heavy Plow
38:47 Elite Leitis
41:44 Fervor
42:14 Theocracy
41:57 Block Printing
42:11 Illumination
老外 我一会儿塔爆啊
10:48 Feudal Age
15:09 Castle Age
13:15 Double-Bit Axe
16:08 Bow Saw
22:25 Horse Collar
23:23 Wheelbarrow
24:04 Stone Mining
24:24 Heavy Plow
26:06 Hand Cart
26:48 Gold Mining
27:40 Stone Shaft Mining
28:43 Gold Shaft Mining
30:43 Imperial Age
28:15 Padded Archer Armor
28:05 Fletching
29:15 Leather Archer Armor
29:07 Scale Barding Armor
29:24 Thumb Ring
29:46 Bodkin Arrow
30:30 Forging
30:39 Husbandry
30:50 Bloodlines
31:06 Ballistics
31:52 Parthian Tactics
31:50 Conscription
31:51 Drill
30:53 Capped Ram
31:48 Bracer
32:09 Chain Barding Armor
33:00 Chemistry
31:50 Crossbowman
32:12 Light Cavalry
33:19 Chain Barding Armor
33:34 Iron Casting
33:40 Heavy Cavalry Archer
34:31 Hussar
35:07 Siege Ram
36:53 Siege Engineers
40:09 Blast Furnace
39:33 Elite Mangudai
Cucharita
13:33 Feudal Age
16:07 Double-Bit Axe
23:41 Castle Age
22:53 Gold Mining
22:46 Horse Collar
23:11 Town Watch
25:28 Town Patrol
25:56 Bow Saw
26:29 Heavy Plow
26:41 Fletching
27:38 Wheelbarrow
31:12 Imperial Age
29:28 Bodkin Arrow
34:23 Hand Cart
35:32 Loom
37:22 Gold Shaft Mining
40:24 Fortified Wall
Mr.Young
11:27 Feudal Age
16:34 Castle Age
15:01 Double-Bit Axe
22:20 Wheelbarrow
24:52 Horse Collar
25:41 Heavy Plow
25:56 Bow Saw
26:47 Loom
30:55 Imperial Age
29:57 Chemistry
30:09 Scale Mail Armor
31:13 Chain Mail Armor
31:08 Forging
32:28 Plate Mail Armor
32:11 Forging
31:31 Pikeman
32:11 Squires
31:57 Arson
32:11 Halberdier
33:30 Houfnice
39:05 Padded Archer Armor
39:42 Iron Casting
39:19 Elite Hussite Wagon
40:20 Conscription
40:09 Elite Skirmisher
41:21 Leather Archer Armor
41:34 Ballistics
41:11 Murder Holes
A小鹿
11:03 Feudal Age
16:36 Castle Age
16:04 Stone Mining
20:11 Horse Collar
22:00 Double-Bit Axe
23:05 Wheelbarrow
23:57 Fervor
24:56 Gold Mining
26:13 Gold Shaft Mining
26:11 Heavy Plow
30:52 Imperial Age
29:06 Bow Saw
29:58 Hand Cart
29:29 Loom
30:24 Yeomen
30:08 Padded Archer Armor
30:02 Fletching
31:10 Town Watch
31:42 Elite Longbowman
32:58 Ballistics
33:44 Chemistry
32:52 Bodkin Arrow
33:57 Caravan
34:28 Conscription
34:45 Hoardings
34:27 Bracer
35:07 Leather Archer Armor
37:17 Siege Engineers
37:25 Masonry
37:46 Ring Archer Armor
37:38 Pikeman
38:19 Squires
38:23 Scale Mail Armor
38:34 Forging
40:06 Murder Holes
40:53 Iron Casting
40:33 Chain Mail Armor
39:43 Halberdier
45:15 Plate Mail Armor
45:46 Blast Furnace
44:36 Arson
不明步行下體
11:33 Feudal Age
15:53 Castle Age
14:00 Double-Bit Axe
19:00 Horse Collar
19:35 Bow Saw
21:50 Loom
22:59 Heavy Plow
23:42 Wheelbarrow
24:38 Husbandry
24:49 Bloodlines
25:20 Scale Barding Armor
25:26 Forging
25:05 Fishing Lines
25:49 Gillnets
26:25 Gold Mining
26:56 Hand Cart
28:46 Town Watch
29:39 Chain Barding Armor
29:55 Iron Casting
29:59 Caravan
30:29 Coinage
32:44 Imperial Age
31:31 Ballistics
31:08 Murder Holes
31:24 Masonry
32:43 Gold Shaft Mining
32:01 Stone Mining
33:22 Conscription
33:15 Citadels
34:25 Crop Rotation
34:59 Chemistry
34:31 Architecture
33:25 Cavalier
35:45 Stone Shaft Mining
35:33 Savar
37:00 Hoardings
38:13 Blast Furnace
37:49 Plate Barding Armor
38:36 Elite War Elephant
41:41 Guard Tower
Connection lost

Rejoining the realm…

Still unreachable

The connection could not be restored.

Session expired

The server has moved on; the page needs a fresh start.